 Seeded DCSS version 0.24-a0-127-gfc1eed5 (webtiles) character file.

Game seed: 3107252125443149421

1358 BarneyGumball the Sneak (level 8, 0/57 HPs)
             Began as a Barachi Hunter on Feb 25, 2019.
             Was a Follower of Trog.
             Slain by a crimson imp (4 damage)
             ... on level 5 of the Dungeon.
             The game lasted 00:24:20 (6341 turns).

BarneyGumball the Sneak (Barachi Hunter)            Turns: 6341, Time: 00:24:21

Health: 0/57       AC:  7    Str: 12 (15) XL:     8   Next: 64%
Magic:  11/11      EV: 10    Int: 10 (12) God:    Trog [*.....]
Gold:   263        SH:  4    Dex: 10 (13) Spells: 7/7 levels left

rFire    . . .     SeeInvis .   b - +0 short sword
rCold    . . .     Gourm    .   v - +0 buckler
rNeg     . . .     Faith    .   m - +0 ring mail
rPois    .         Spirit   .   (no helmet)
rElec    .         Reflect  .   (no cloak)
rCorr    .         Harm     .   (no gloves)
MR       .....                  e - +1 pair of boots
Stlth    +++.......             (no amulet)
HPRegen  0.19/turn              t - ring of stealth
MPRegen  0.12/turn              (no ring)

@: starving, slow
A: +LOS, swims, slowness 1, strong legs 1
a: Hop, Berserk, Renounce Religion


You were on level 5 of the Dungeon.
You worshipped Trog.
Trog was aware of your devotion.
You were starving.

You visited 2 branches of the dungeon, and saw 7 of its levels.

You collected 263 gold pieces.

Inventory:

Hand Weapons
 a - a +1 hand crossbow
 b - a +0 short sword (weapon)
Armour
 c - a +0 leather armour
 e - a +1 pair of boots (worn)
 m - a +0 ring mail (worn)
 v - a +0 buckler (worn)
Jewellery
 t - a ring of stealth (left hand)
 w - an uncursed amulet of faith
 y - an uncursed ring of protection from fire {unknown}
 D - an uncursed amulet of the acrobat {unknown}
Wands
 n - a wand of paralysis (5)
Scrolls
 i - a scroll of enchant armour
 z - 2 scrolls of identify
 A - 3 scrolls of summoning {unknown}
 B - a scroll of acquirement {unknown}
 C - a scroll of remove curse {unknown}
Potions
 q - a potion of resistance
 x - a potion of might {unknown}
Comestibles
 f - 10 rations


   Skills:
 - Level 2.4 Fighting
 + Level 6.6 Crossbows
 - Level 2.1 Dodging
 * Level 6.7 Stealth
 + Level 3.0 Shields
 + Level 5.0 Evocations


You had 7 spell levels left.
You didn't know any spells.
Your spell library contained the following spells:

 Spells                   Type           Power        Failure   Level  Hunger
 Freeze                   Ice            #...         69%         1    ##.....
 Throw Frost              Conj/Ice       #.....       83%         2    ###....
 Ozocubu's Armour         Chrm/Ice       #.......     96%         3    ####...
 Summon Ice Beast         Ice/Summ       #.......     100%        4    #####..
 Throw Icicle             Conj/Ice       #.......     100%        4    #####..


Dungeon Overview and Level Annotations

Branches:
Dungeon (6/15)             Temple (1/1) D:5

Altars:
Ashenzari
Cheibriados
Dithmenos
Elyvilon
Fedhas
Gozag
Hepliaklqana
Kikubaaqudgha
Makhleb
Nemelex Xobeh
Okawaru
Qazlal
Ru
Sif Muna
Trog
Uskayaw
Vehumet
Wu Jian
Yredelemnul
Zin
The Shining One

Shops:
D:6 =

Annotations:
D:5 Sigmund
D:6 Dowan


Innate Abilities, Weirdness & Mutations

Shadows flee at your approach. (+LOS)
You can swim through water.
You cover ground slowly.
You can hop short distances.


Message History

The crimson imp is moderately wounded.
The crimson imp hits you but does no damage. x2
You hit the crimson imp but do no damage.
The crimson imp is lightly wounded.
The crimson imp barely misses you.
You closely miss the crimson imp. The crimson imp closely misses you.
You closely miss the crimson imp. The crimson imp barely misses you.
You closely miss the crimson imp.
You are starving!
You block the crimson imp's attack.
You barely miss the crimson imp. You block the crimson imp's attack.
You barely miss the crimson imp. The crimson imp hits you.
* * * LOW HITPOINT WARNING * * *
You miss the crimson imp. The crimson imp barely misses you.
You closely miss the crimson imp. The crimson imp closely misses you.
You hit the crimson imp.
The crimson imp is lightly wounded.
The crimson imp closely misses you.
You closely miss the crimson imp. The crimson imp hits you.
You die...

############ ######..(((.(...#
##### #....#.........(# #....
#....#....((.(.(# #....
#....#......(..(# #....
#.<..#(.(..(@(((# #....
#....#(...((5(..# #....
#....#....(...(.# #....
######.###.....((..(#***######...
.....#.#....>.##+###...,.....###'
...#...#......#,,,,,.#..(........
...#...#....(.#,,,,,,#,..........
...#...#.(....#,,,,,,*,,.........
(..#...#(.....#,,,,,,*,,.........


You could see a crimson imp.

Vanquished Creatures
  Duvessa (D:6)
  4 ogres
  A phantom (D:6)
  A bullfrog (D:6)
  A gnoll sergeant (D:5)
  A crimson imp (D:5)
  3 hounds
  A jelly (D:4)
  An orc priest (D:4)
  3 bullfrog skeletons (D:4)
  An iguana (D:4)
  2 orc wizards
  A worker ant (D:6)
  A howler monkey zombie (D:6)
  7 adders
  16 gnolls
  An ooze (D:3)
  An adder skeleton (D:4)
  An adder zombie (D:5)
  5 worms
  5 leopard geckos
  15 orcs
  4 giant cockroaches
  6 goblins
  6 hobgoblins
  4 jackals (D:4)
  9 kobolds
  2 quokkas
  5 bats
  3 frilled lizards (D:1)
  3 quokka skeletons
  9 rats
124 creatures vanquished.

Notes
Turn   | Place    | Note
-------+----------+-------------------------------------------
     0 | D:1      | BarneyGumball the Barachi Hunter began the quest for the
                  | Orb.
     0 | D:1      | Reached XP level 1. HP: 17/17 MP: 1/1
    56 | D:1      | Reached skill level 1 in Stealth
   139 | D:1      | Reached XP level 2. HP: 21/23 MP: 2/2
   980 | D:2      | Reached XP level 3. HP: 28/28 MP: 3/3
  1763 | D:2      | Reached XP level 4. HP: 34/34 MP: 4/4
  1786 | D:2      | Reached skill level 1 in Evocations
  1979 | D:3      | Found a stormy altar of Qazlal.
  2209 | D:3      | Reached skill level 5 in Crossbows
  2209 | D:3      | Reached XP level 5. HP: 27/39 MP: 6/6
  3180 | D:4      | Noticed an ogre
  3186 | D:4      | Killed an ogre
  3186 | D:4      | Reached XP level 6. HP: 46/46 MP: 6/8
  3688 | D:4      | Reached XP level 7. HP: 26/51 MP: 9/9
  4603 | D:5      | Entered Level 5 of the Dungeon
  4717 | D:4      | Reached skill level 5 in Stealth
  4838 | D:5      | Noticed Sigmund
  4985 | D:5      | Reached skill level 1 in Shields
  5179 | D:5      | Found a staircase to the Ecumenical Temple.
  5185 | Temple   | Entered the Ecumenical Temple
  5317 | Temple   | Became a worshipper of Trog the Wrathful
  5492 | D:5      | Reached XP level 8. HP: 57/57 MP: 11/11
  5686 | D:6      | Reached * piety under Trog
  5855 | D:6      | Noticed Duvessa
  5855 | D:6      | Noticed Dowan
  5858 | D:6      | Found Unyamiruomm's Jewellery Boutique.
  6163 | D:6      | Killed Duvessa
  6163 | D:6      | Reached skill level 5 in Evocations
  6319 | D:5      | HP: 1/57 [adder zombie (3)]
  6341 | D:5      | Slain by a crimson imp

Levels and vault maps discovered:
D:1:      dpeg_arrival_round_a, layout_rooms, serial_co_window_serial,
          co_window_corner_a, co_window_paths_b, co_window_corner_a,
          co_window_paths_a, co_window_of_opportunity_a, co_window_corner_b,
          co_window_broadway_c, co_window_broadway_c, glass_columns_b,
          glass_columns_a, glass_columns_c, glass_columns_a, glass_columns_b
D:2:      layout_loops_ring, serial_co_window_serial, co_window_corner_a,
          co_window_of_opportunity_a, co_window_paths_a, co_window_corner_a,
          co_window_paths_b, co_window_corner_a, co_window_corner_a,
          co_window_of_opportunity_c, co_window_cross_3,
          co_window_unsneaky_path_b, co_window_4corner_b, glass_columns_b,
          glass_columns_a, glass_columns_b, glass_columns_a, glass_columns_b
D:3:      layout_loops_cross, cheibrodos_sewer_entry_bend, grunt_qazlal_clouds
D:4:      layout_loops_ring, serial_co_window_serial, co_window_corner_a,
          co_window_corner_a, co_window_corner_a, co_window_paths_a,
          co_window_paths_a, co_window_unsneaky_path_a, co_window_broadway_b,
          co_window_paths_c, co_window_broadway_b, co_window_4corner_a,
          co_window_paths_e, glass_columns_a, glass_columns_a, glass_columns_a,
          glass_columns_a, minmay_misc_feat_ornament, kennysheep_generic_room_7
D:5:      layout_gridville, minmay_temple_entry_overgrown, first_ration,
          uniq_grinder, uniq_sigmund
D:6:      layout_basic, serial_shops, shop, kennysheep_path_1, uniq_duvessa
Temple:   kilobyte_greek_temple

Skill      XL: |  1  2  3  4  5  6  7  8 |
---------------+-------------------------+-----
Stealth        | 1 2 3 4 5 6 |  6.7
Evocations     | 1 2 3 4 5 |  5.0
Crossbows      | 5 6 |  6.6
Shields        | 2 3 |  3.0
Fighting       | |  2.4
Dodging        | |  2.1

Action                   |  1- 3 |  4- 6 |  7- 9 || total
-------------------------+-------+-------+-------++-------
Melee: Short sword       |       |       |    14 ||    14
       Hand crossbow     |       |       |     7 ||     7
 Fire: Hand crossbow     |    78 |   170 |   189 ||   437
Throw: Stone             |       |       |   114 ||   114
 Abil: Hop               |       |     1 |     2 ||     3
Evoke: Wand              |       |     6 |       ||     6
  Use: Scroll            |       |    12 |     5 ||    17
       Potion            |       |     1 |     9 ||    10
  Eat: Chunk             |     3 |     6 |     8 ||    17
Armor: Leather armour    |     4 |    23 |     1 ||    28
       Ring mail         |       |       |    90 ||    90
Dodge: Dodged            |     3 |    55 |   171 ||   229
Block: Buckler           |       |       |    67 ||    67

Table legend:
 A = Non-vault XP
 B = Vault XP
 C = Vault XP percentage of total XP
 D = Non-vault monster count
 E = Vault monster count
 F = Vault count percentage of total count
                 A         B        C        D         E       F
            +---------+---------+-------+---------+---------+-------
      Total |    1786 |     155 |   8.0 |     121 |       3 |   2.4
            +---------+---------+-------+---------+---------+-------
        D:1 |      28 |       0 |   0.0 |      20 |       0 |   0.0
        D:2 |      65 |       0 |   0.0 |      20 |       0 |   0.0
        D:3 |     142 |      10 |   6.6 |      20 |       2 |   9.1
        D:4 |     508 |       0 |   0.0 |      22 |       0 |   0.0
        D:5 |     547 |       0 |   0.0 |      22 |       0 |   0.0
        D:6 |     496 |     145 |  22.6 |      17 |       1 |   5.6
            +---------+---------+-------+---------+---------+-------
